 Dungeon Crawl Stone Soup version bcrawl-1.12.2 (webtiles) character file.

Game seed: 17481193281935888983

62 Ebbett the Sneak (level 4, 0/30 HPs)
             Began as a Human Rogue on July 23, 2019.
             Was an Initiate of Cheibriados.
             Slain by a hobgoblin
             ... wielding a +0 club
              (8 damage)
             ... on level 2 of the Dungeon.
             The game lasted 00:06:06 (1768 turns).

Ebbett the Sneak (Human Rogue)                      Turns: 1768, Time: 00:06:07

Health: 0/30       AC:  3    Str: 12    XL:     4   Next: 28%
Magic:  5/5        EV: 11    Int: 14    God:    Cheibriados [......]
Gold:   87         SH:  0    Dex: 15    Spells: 3/3 levels left

rFire    . . .     SeeInvis .   a - +2 dagger
rCold    . . .     Gourm    .   (no shield)
rNeg     . . .     Faith    .   c - +0 robe
rPois    .         Spirit   .   (no helmet)
rElec    +         Reflect  .   d - +0 cloak
rCorr    .         Harm     .   (no gloves)
MR       .....                  (no boots)
Stlth    +++.......             (no amulet)
HPRegen  0.10/turn              o - ring of insulation
MPRegen  0.09/turn              (no ring)

@: very slow
A: no striking features
a: Bend Time, Renounce Religion


You were on level 2 of the Dungeon.
You worshipped Cheibriados.
Cheibriados was noncommittal.
You were hungry.

You visited 1 branch of the dungeon, and saw 3 of its levels.

You collected 87 gold pieces.

Inventory:

Hand Weapons
 a - a +2 dagger (weapon)
 b - a +0 blowgun
Missiles
 e - 314 poisoned needles (quivered)
Armour
 c - a +0 robe (worn)
 d - a +0 cloak (worn)
 s - a +0 cloak
Jewellery
 o - a ring of insulation (left hand)
Wands
 f - a wand of flame (15)
 g - a wand of enslavement (15)
Scrolls
 i - a scroll of fear {unknown}
 j - 3 scrolls of identify {unknown}
 l - a scroll of enchant weapon {unknown}
 m - a scroll of teleportation {unknown}
 q - 2 scrolls of enchant armour {unknown}
 t - a scroll of remove curse {unknown}
Potions
 k - a potion of brilliance {unknown}
 n - a potion of lignification {unknown}
 p - a potion of mutation {unknown}
 r - a potion of heal wounds {unknown}
Comestibles
 h - 3 rations {!d}


   Skills:
 - Level 0.2 Fighting
 + Level 2.9 Short Blades
 - Level 2.1 Throwing
 + Level 0.3 Dodging
 + Level 6.2 Stealth
 - Level 2.5 Evocations


You had 3 spell levels left.
You didn't know any spells.
Your spell library was empty.

Dungeon Overview and Level Annotations

Branches:
Dungeon (3/12)

Altars:
Ashenzari
Cheibriados


Message History

You see here a worm corpse.
You hit the hobgoblin.
The hobgoblin is lightly wounded.
The hobgoblin hits you but does no damage.
You closely miss the hobgoblin.
The hobgoblin is lightly wounded.
The hobgoblin closely misses you.
You hit the hobgoblin.
The hobgoblin is almost dead.
The hobgoblin hits you with a +0 club.
* * * LOW HITPOINT WARNING * * *
The hobgoblin hits you with a +0 club.
* * * LOW HITPOINT WARNING * * *
You closely miss the hobgoblin.
The hobgoblin is almost dead.
The hobgoblin barely misses you.
You barely miss the hobgoblin.
The hobgoblin is almost dead.
The hobgoblin hits you with a +0 club!
You die...

###..####### ########..#
...........#####.........#
####..####..............##
#....########.########
##.#.# #.# #.#.# #.# #.#.#
#># #####.#.########g#
...............g@#
##......##########
##.##....# .........#
##.##.##.# ##.##.##.#
......##.# ...#####.# ...#
#.#


You could see 2 hobgoblins.

Vanquished Creatures
  A hound skeleton (D:2)
  2 worms (D:2)
  3 dart slugs (D:2)
  2 leopard geckos
  2 giant cockroaches
  4 goblins
  3 hobgoblins
  4 jackals (D:2)
  A kobold (D:2)
  A ball python (D:2)
  4 bats
  3 frilled lizards
  4 rats
34 creatures vanquished.

Notes
Turn   | Place    | Note
-------+----------+-------------------------------------------
     0 | D:1      | Ebbett the Human Rogue began the quest for the Orb.
     0 | D:1      | Reached XP level 1. HP: 13/13 MP: 2/2
   111 | D:1      | Reached skill level 5 in Stealth
   527 | D:1      | Reached XP level 2. HP: 19/19 MP: 3/3
   844 | D:2      | Found a shattered altar of Ashenzari.
   858 | D:2      | Reached XP level 3. HP: 16/24 MP: 4/4
   884 | D:2      | Found a snail-covered altar of Cheibriados.
  1159 | D:2      | Reached skill level 6 in Stealth
  1300 | D:2      | Reached XP level 4. HP: 29/30 MP: 5/5
  1572 | D:2      | Became a worshipper of Cheibriados the Contemplative
  1768 | D:2      | Slain by a hobgoblin

Skill      XL: |  1  2  3 |
---------------+----------+-----
Stealth        | 5 6 |  6.2
Fighting       | |  0.2
Short Blades   | |  2.9
Throwing       | |  2.1
Dodging        | |  0.3
Evocations     | |  2.5

Action                   |  1- 3 |  4- 6 || total
-------------------------+-------+-------++-------
Melee: Dagger            |    73 |    43 ||   116
 Fire: Blowgun           |       |     2 ||     2
 Stab: Sleeping          |     7 |     1 ||     8
  Eat: Chunk             |     1 |     1 ||     2
Armor: Robe              |    15 |     7 ||    22
Dodge: Dodged            |    43 |    28 ||    71
